 Dungeon Crawl Stone Soup version 0.30-a0-222-ge547ba4400 (webtiles) character file.

Game seed: 3121019118766918493

5 MrRokkomies the Sneak (level 1, 18/18 HPs)
             Began as an Armataur Brigand on Oct 8, 2022.
             Was a Follower of Makhleb.
             Quit the game on level 2 of the Dungeon.
             The game lasted 00:00:49 (118 turns).

MrRokkomies the Sneak (Armataur Brigand)             Turns: 118, Time: 00:00:49

Health: 18/18      AC:  5    Str: 16    XL:     1   Next: 66%
Magic:  1/1        EV:  9    Int: 11    God:    Makhleb [*.....]
Gold:   23         SH:  0    Dex: 11    Spells: 0/0 levels left

rFire   . . .      SeeInvis .    a - +2 dagger
rCold   . . .      Faith    .    (no shield)
rNeg    . . .      Spirit   .    b - +0 robe
rPois   .          Reflect  .    (no helmet)
rElec   .          Harm     .    c - +0 cloak
rCorr   .          Roll     +    (no gloves)
Will    .....                    (no barding)
Stlth   ++........               (no amulet)
HPRegen 0.23/turn                (no ring)
MPRegen 0.07/turn                (no ring)

@: no status effects
A: large, rugged brown scales 3, deformed body, armoured tail, roll, long
tongue, awkward tongue
a: Renounce Religion


You were on level 2 of the Dungeon.
You worshipped Makhleb.
Makhleb was aware of your devotion.
You visited 1 branch of the dungeon, and saw 2 of its levels.

You collected 23 gold pieces.

Inventory:

Hand Weapons
 a - a +2 dagger (weapon)
Missiles
 d - 9 poisoned darts (quivered)
 e - 3 curare-tipped darts
Armour
 b - a +0 robe (worn)
 c - a +0 cloak (worn)


   Skills:
 * Level 2.0 Fighting
 * Level 1.9 Short Blades
 - Level 1.7 Throwing
 + Level 0.7 Dodging
 + Level 4.4 Stealth


You couldn't memorise any spells.
You didn't know any spells.
Your spell library was empty.

Dungeon Overview and Level Annotations

Branches:
Dungeon (1/15)

Altars:
Makhleb


Innate Abilities, Weirdness & Mutations

You are completely covered in rugged brown scales. (AC +3, +7% HP)
Armour fits poorly on your strangely shaped body.
You have a long armoured tail.
You roll when moving toward enemies. (Rampage)
Your long tongue fully drains potion bottles. (2x potion effects)
Your tongue gives you trouble enunciating. (1.5x scroll delay)


Message History

The jackal bites you but does no damage.
You barely miss the jackal. You tail-slap the jackal.
You kill the jackal!
Makhleb accepts your kill.
No target in view!
No target in view!
A hobgoblin comes into view.
The hobgoblin shouts!
You hit the hobgoblin.
The hobgoblin is moderately wounded.
The hobgoblin closely misses you.
You hit the hobgoblin.
The hobgoblin is severely wounded.
The hobgoblin barely misses you.
You hit the hobgoblin.
The hobgoblin is severely wounded.
The hobgoblin hits you.
You hit the hobgoblin.
Your tail-slap misses the hobgoblin.
The hobgoblin is almost dead.
The hobgoblin barely misses you.
You hit the hobgoblin.
You kill the hobgoblin!
Makhleb accepts your kill.
No target in view!
No target in view!
No target in view!
HP restored.
You see here a hobgoblin corpse.
A frilled lizard comes into view.
You roll towards the frilled lizard!
Found a chain mail.
You roll towards the frilled lizard!
You roll towards the frilled lizard!
The helpless frilled lizard fails to defend itself.
You impale the frilled lizard!!
You kill the frilled lizard!
Makhleb accepts your kill.
Your Fighting skill increases to level 2!
No target in view!
No target in view!
Are you sure you want to abandon this character and quit the game? (Confirm with "yes".)

.. #.#
#.# #.#
###.###
.....
#†.# #..#
#.@# #..#
#.#
#..##.###
#.#
#..[.....
#.#
#.###.###
#.# #.# #
#.# #.#
#.# #.#
#.### #.#


There were no monsters in sight!

Vanquished Creatures
  A hobgoblin (D:2)
  2 jackals (D:2)
  A bat (D:2)
  A frilled lizard (D:2)
5 creatures vanquished.

Notes
Turn   | Place    | Note
-------+----------+-------------------------------------------
     0 | D:1      | MrRokkomies the Armataur Brigand began the quest for the
                  | Orb.
     0 | D:1      | Reached XP level 1. HP: 18/18 MP: 1/1
    24 | D:1      | Found a faded altar of an unknown god.
    31 | D:1      | Prayed at the altar of an unknown god.
    31 | D:1      | Became a worshipper of Makhleb the Destroyer
    31 | D:1      | Reached * piety under Makhleb
    39 | D:1      | You fall into a shaft and drop 1 floor!
   118 | D:2      | Quit the game

Illustrated notes

Levels and vault maps discovered:
D:1:      onia_arrival_pyramid, layout_basic, basic_ecumenical_altar
D:2:      layout_loops_ring

Skill      XL: |  1 |
---------------+----+-----
Fighting       | 2 |  2.0
Short Blades   | |  1.9
Throwing       | |  1.7
Dodging        | |  0.7
Stealth        | |  4.4

Action                   || total
-------------------------++-------
Melee: Dagger            ||    16
       Tailslap          ||     3
 Stab: Sleeping          ||     1
Armor: Robe              ||     4
Dodge: Dodged            ||    11

Table legend: (Time is in decaauts)
 A = Elapsed time spent in this place.
 B = Non-inter-level travel time spent in this place.
 C = Inter-level travel time spent in this place.
 D = Time resting spent in this place.
 E = Time spent auto-exploring this place.
 F = Levels seen in this place.
 G = Mean time per level.
                   A        B        C        D        E       F      G
               +--------+--------+--------+--------+--------+-----+--------+
         Total |    116 |    116 |      0 |      0 |     77 |   2 |   58.0 |
       Dungeon |    116 |    116 |      0 |      0 |     77 |   2 |   58.0 |
               +--------+--------+--------+--------+--------+-----+--------+

Top non-repeatable levels by time:
     D:2: 77 daAuts
     D:1: 39 daAuts
